← All builds
Suicide front / Cortex / Economy first / OBSERVED BUILD

Standard suicide front

Cortex Suicide front build order · Supreme Isthmus

The role's baseline economy-first play: fast Bot Lab, early Advanced Metal Extractor, and a Thug/Grunt/Aggravator mix pushed to hold the middle while teching up.

#raid #push · 1050 distinct matches · 184 players · 73% of Cortex Suicide front games · team won 57% of 1119 · Recently observed

HOW TO PLAY IT

Key timing: Bot Lab by 0:39

  1. Open 3 mex, then rush Bot Lab almost immediately.
  2. Finish Bot Lab and start pushing Thug, Grunt, Aggravator.
  3. Send units straight to middle to contest and stop leaks.
  4. Eat the Bot Lab for metal if 32% of games reach that point.
  5. Transition into Advanced Metal Extractor once middle is stable.

Phase by phase

TYPICAL OF ITS 1050 GAMES
  1. 1
  2. 2
  3. 3
PLAY THE OPENING

Follow the example game's first 6:00 step by step: what to build now, what comes next, and where it goes. At 1× it keeps pace with your own game.

  1. 1

    Up to the Bot Lab

    Economy
    • Metal Extractor2Mex
    Order
    1. Bot LabBot Lab after 2 mexdone ~0:37, middle half 0:27–0:45

    By 0:21 in all: 2 mex

    The example game in this phase · 1 step
    1. Bot LabBot Labdone 0:20 · typical 0:37
  2. 2

    Bot Lab to 5:00

    Economy
    • Metal Extractor3Mex
    • Wind Turbine2Wind
    Builders
    • Graverobber4 Graverobber
    • Construction Bot3 Con bot
    Army
    • Guard3 Guard
    • Thug16 Thug
    • Grunt3 Grunt
    Other
    • Radar Tower1 Radar Tower

    Some games also: aggravator (38%) · con turret (30%)

    By 5:00 in all: 5 mex · 3 wind

    The example game in this phase · 27 steps
    1. GruntGrunt
    2. GraverobberGraverobber
    3. Construction BotCon bot
    4. GruntGrunt
    5. Mex
    6. Construction BotCon bot
    7. Mex
    8. GruntGrunt ×8
    9. GraverobberGraverobber
    10. Construction BotCon bot
    11. ThugThug
    12. Mex
    13. ThugThug ×7
    14. Mex
    15. Con turret
    16. ThugThug
    17. Mex
    18. ThugThug ×2
    19. Mex
    20. ThugThug ×4
    21. TrasherTrasher
    22. Metal storage
    23. TrasherTrasher
    24. Wind
    25. SAMSAM
    26. GraverobberGraverobber
    27. Wind
  3. 3

    5:00 to 10:00

    Economy
    • Metal Extractor1Mex
    • Wind Turbine12Wind
    Builders
    • Construction Turret1 Con turret
    • Graverobber3 Graverobber
    • Construction Bot1 Con bot
    Army
    • Guard1 Guard
    • Thug11 Thug
    • Grunt1 Grunt

    Some games also: aggravator (42%) · Radar Tower (39%) · energy storage (37%) · Twin Guard (31%)

    By 10:00 in all: 6 mex · 16 wind · 2 con turret

    The example game in this phase · 99 steps
    1. ThugThug ×2
    2. Twin GuardTwin Guard
    3. Wind
    4. ThugThug ×3
    5. Wind
    6. Radar TowerRadar Tower
    7. ThugThug ×2
    8. SAMSAM
    9. Wind
    10. ThugThug
    11. Solar
    12. Wind
    13. ThugThug
    14. Con turret
    15. Radar TowerRadar Tower
    16. Twin GuardTwin Guard
    17. ThugThug
    18. Wind
    19. ThugThug ×5
    20. Wind
    21. GraverobberGraverobber
    22. JellyfishJellyfish
    23. ThugThug
    24. Converter
    25. ThugThug
    26. JellyfishJellyfish
    27. ThugThug ×2
    28. Radar TowerRadar Tower
    29. ThugThug ×2
    30. JellyfishJellyfish
    31. Wind
    32. ThugThug ×3
    33. Wind
    34. ThugThug ×4
    35. Wind
    36. ThugThug ×2
    37. GraverobberGraverobber
    38. ThugThug
    39. Wind
    40. ThugThug ×4
    41. Converter
    42. ThugThug ×3
    43. SAMSAM
    44. ThugThug ×3
    45. Wind
    46. SAMSAM
    47. ThugThug
    48. EradicatorEradicator
    49. ThugThug
    50. Wind
    51. ThugThug ×2
    52. Wind
    53. GraverobberGraverobber
    54. ThugThug ×3
    55. Wind
    56. Advanced Metal ExtractorT2 mexdone 11:30
    57. ThugThug ×2
    58. Wind
    59. ThugThug ×2
    60. Wind
    61. ThugThug ×2
    62. Con turret ×2
    63. Radar TowerRadar Tower
    64. Advanced Metal ExtractorT2 mex
    65. ThugThug
    66. Wind
    67. Con turret
    68. ThugThug ×2
    69. Wind
    70. ThugThug
    71. TrasherTrasher
    72. ThugThug ×2
    73. Radar TowerRadar Tower
    74. GraverobberGraverobber
    75. Advanced Metal ExtractorT2 mex
    76. ThugThug ×2
    77. Converter
    78. ThugThug ×5
    79. GuardGuard
    80. ThugThug ×4
    81. Wind
    82. ThugThug ×4
    83. Wind
    84. GraverobberGraverobber
    85. ThugThug ×5
    86. Wind
    87. ThugThug ×2
    88. Advanced Metal ExtractorT2 mex
    89. ThugThug ×2
    90. TrasherTrasher
    91. Mex
    92. ThugThug ×2
    93. Wind
    94. ThugThug ×4
    95. GraverobberGraverobber
    96. Mex
    97. ThugThug
    98. Converter
    99. ThugThug ×2

Counts are medians over the build's games: half of them build more, half fewer. The example game is Chancho's (32 OS, 05/09/2026); pick another.

Team trades

IN AT LEAST 30% OF ITS GAMES

You hand over

Nothing regular.

You get

  • Tidal Generator4 Tidal from Pondfirst at 0:11 · in 69% of games
  • Advanced Construction Bot1 T2 con bot from Geo or Techfirst at 7:45 · in 55% of games

How it plays out

Typical game of this build, running totals by minute

Metal produced

010k20k
0:005:0010:0015:00

metal

Enemy metal destroyed

05k10k
0:005:0010:0015:00

metal

Own metal lost

05k10k
0:005:0010:0015:00

metal

1119 games.

Show as table
ByMetal produced: This buildEnemy metal destroyed: This buildOwn metal lost: This build
1:0033000
2:0094400
3:002036216172
4:003125732630
5:00427815401402
6:00546125052338
7:00663636153317
8:00782645594355
9:00894052905260
10:001020559976154
11:001156865526943
12:001314070167723
13:001475277528382
14:001638483308916
15:001778589619568
WHAT THE NUMBERS SAY

This baseline wins more often than most other roles' standard builds, with early aggression showing in high kills and losses alike.

  • + Team wins 54% of games, best winrate among the roles shown.
  • + First kill lands very early at 2:07 in all games.
  • − Own metal lost is heavy early, 1439 by 5:00.
  • − Enemy destroyed stays close to own losses through 15:00, a costly front.
THE EXAMPLE YOU ARE READING

Chancho

32.0 OS · 05/09/2026

Open source match ↗

5 received units · includes a constructor
564 metal received · 30771 energy received

Allied construction assistance is unknown. Timings are observations, not a promise of solo reproducibility.

Typical milestones

Bot Lab0:37Middle 50%: 0:27–0:45 · n=1113
Advanced Metal Extractor9:59Middle 50%: 8:59–11:14 · n=699

Played most by

XXMACGAMERXX135games of this build_Hawkey_70games of this build_X_61games of this buildrealisticjo52games of this buildAbyssFalcon46games of this build